 Dungeon Crawl Stone Soup version 0.27.0-1-g7a089689b8 (console) character file.

Game seed: 12579614634778376067

0 jejorda2 the Sneak (level 1, 0/14 HPs)
             Began as a Ghoul Enchanter on July 31, 2021.
             Slain by a bat (1 damage)
             ... on level 1 of the Dungeon.
             The game lasted 00:01:34 (42 turns).

jejorda2 the Sneak (Ghoul Enchanter)                  Turns: 42, Time: 00:01:35

Health: 0/14       AC:  2    Str: 11    XL:     1   Next: 10%
Magic:  1/2        EV: 12    Int: 10    God:
Gold:   12         SH:  0    Dex:  9    Spells: 2/3 levels left

rFire    . . .     SeeInvis .   (no weapon)
rCold    + . .     Faith    .   (no shield)
rNeg     + + +     Spirit   .   b - +0 robe
rPois    ∞         Reflect  .   (no helmet)
rElec    .         Harm     .   (no cloak)
rCorr    .         Rampage  .   (no gloves)
Will     .....                  (no boots)
Stlth    ++........             (no amulet)
HPRegen  0.00/turn              (no ring)
MPRegen  0.08/turn              (no ring)

@: inhibited regen
A: claws 1, cold resistance 1, negative energy resistance 3, inhibited
regeneration, torment resistance 2
a: no special abilities


You were on level 1 of the Dungeon.
You visited 1 branch of the dungeon, and saw 1 of its levels.

You collected 12 gold pieces.

Inventory:

Hand Weapons
 a - a +1 dagger
Armour
 b - a +0 robe (worn)
Scrolls
 c - a scroll of fog {unknown}


   Skills:
 + Level 0.0 Fighting
 - Level 0.8 Short Blades
 - Level 1.7 Dodging
 - Level 3.2 Stealth
 * Level 0.1 Unarmed Combat
 - Level 1.7 Spellcasting
 - Level 2.4 Hexes


You had 2 spell levels left.
You knew the following spells:

 Your Spells              Type           Power      Damage    Failure   Level
a - Corona                Hex            5%         N/A       12%         1

Your spell library contained the following spells:

 Spells                   Type           Power      Damage    Failure   Level
 Ensorcelled Hibernation  Hex/Ice        6%         N/A       30%         2
 Confusing Touch          Hex            5%         N/A       34%         3
 Tukima's Dance           Hex            5%         N/A       34%         3
 Dazzling Flash           Conj/Hex       6%         N/A       52%         3


Dungeon Overview and Level Annotations

Branches:
Dungeon (1/15)

Altars:


Innate Abilities, Weirdness & Mutations

You thrive by killing the living.
You are immune to poison.
You have sharp fingernails.
Your flesh is cold resistant. (rC+)
You are immune to negative energy. (rN+++)
You do not regenerate when monsters are visible.
You are immune to unholy pain and torment.


Message History

Aim: a frilled lizard (asleep, chance to affect: 56%)
The frilled lizard hisses angrily.
The frilled lizard is outlined in light.
You hear a shout!
A kobold comes into view. It is wielding a +0 short sword.
Your magical contamination has completely faded away.
Really attack while wielding nothing? [Y]es or [N]o only, please.
Really attack while wielding nothing?
You barely miss the frilled lizard.
The frilled lizard stops glowing.
The frilled lizard bites you.
You scratch the frilled lizard but do no damage.
The frilled lizard misses you.
You barely miss the frilled lizard.
The kobold hits you with a +0 short sword.
The frilled lizard barely misses you.
You closely miss the frilled lizard. The kobold closely misses you.
The frilled lizard misses you.
You barely miss the frilled lizard.
A bat comes into view.
The kobold closely misses you. The frilled lizard barely misses you.
You barely miss the frilled lizard.
The kobold hits you with a +0 short sword.
The frilled lizard barely misses you.
You closely miss the frilled lizard.
The kobold hits you with a +0 short sword.
The frilled lizard misses you.
You scratch the frilled lizard but do no damage.
The kobold hits you with a +0 short sword.
* * * LOW HITPOINT WARNING * * *
The frilled lizard bites you.
* * * LOW HITPOINT WARNING * * *
You scratch the frilled lizard.
You kill the frilled lizard!
You feel better. The bat hits you.
* * * LOW HITPOINT WARNING * * *
The kobold hits you but does no damage. The bat hits you but does no damage.
The bat hits you.
You die...

. ... (...
.....
.....#########
.............#
#..†K.....#
#.........#
#...b@....#
####...####
#...#
####...####
#.........#
#.......^.#
#....)....#
####...####
#...#


You could see a bat and a kobold.

Vanquished Creatures
  A frilled lizard (D:1)
1 creature vanquished.

Notes
Turn   | Place    | Note
-------+----------+-------------------------------------------
     0 | D:1      | jejorda2 the Ghoul Enchanter began the quest for the Orb.
     0 | D:1      | Reached XP level 1. HP: 14/14 MP: 2/2
    42 | D:1      | Slain by a bat

Illustrated notes

Levels and vault maps discovered:
D:1:      minmay_arrival_hallway, layout_rooms, ebering_ecumenical_altar_ruins

Action                   || total
-------------------------++-------
Melee: Unarmed           ||     9
 Cast: Corona            ||     1
Armor: Robe              ||     2
Dodge: Dodged            ||     8
